 Dungeon Crawl Stone Soup version 0.30-a0-159-g068b764562 (webtiles) character file.

Game seed: 14267529974610454060

411 qw the Trooper (level 6, 0/41 HPs)
             Began as a Gargoyle Fighter on Sept 27, 2022.
             Slain by an iguana (5 damage)
             ... on level 4 of the Dungeon.
             The game lasted 00:01:25 (2961 turns).

qw the Trooper (Gargoyle Fighter)                   Turns: 2961, Time: 00:01:26

Health: 0/41       AC: 11    Str: 22    XL:     6   Next: 90%
Magic:  6/6        EV:  9    Int:  8    God:
Gold:   115        SH:  4    Dex:  9    Spells: 5/5 levels left

rFire   . . .      SeeInvis .    i - +0 war axe (vamp)
rCold   . . .      Faith    .    c - +0 buckler
rNeg    + . .      Spirit   .    b - +0 scale mail
rPois   inf        Reflect  .    (no helmet)
rElec   +          Harm     .    (no cloak)
rCorr   .          Rampage  .    (no gloves)
Will    +....                    (no boots)
Stlth   ..........               (no amulet)
HPRegen 0.13/turn                g - ring of willpower
MPRegen 0.10/turn                (no ring)

@: weakened
A: sickness immunity, AC +4, negative energy resistance 1, electricity
resistance, torment resistance 1, petrification resistance
a: no special abilities


You were on level 4 of the Dungeon.
You visited 1 branch of the dungeon, and saw 4 of its levels.

You collected 115 gold pieces.


Innate Abilities, Weirdness & Mutations

You are immune to sickness and miasma.
Your stone body is resilient. (AC +4)
You are immune to poison.
You resist negative energy. (rN+)
You are resistant to electric shocks. (rElec)
You are resistant to unholy torment.
You are immune to petrification.


   Skills:
 - Level 5.9 Fighting
 - Level 5.0 Axes
 - Level 3.2 Armour
 + Level 0.0 Dodging
 - Level 3.2 Shields


You had 5 spell levels left.
You didn't know any spells.
Your spell library was empty.

Inventory:

Hand Weapons
 e - a +0 morningstar
 i - a +0 vampiric war axe (weapon)
Armour
 b - a +0 scale mail (worn)
 c - a +0 buckler (worn)
Jewellery
 g - a ring of willpower (left hand)
Scrolls
 j - a scroll of identify
Potions
 a - a potion of attraction {unknown}
 d - 2 potions of might
 h - 2 potions of curing
 k - a potion of lignification
 l - a potion of cancellation
 m - a potion of heal wounds {unknown}

Dungeon Overview and Level Annotations

Branches:
Dungeon (4/15)
 Temple: D:4-7

Altars:
Xom

Shops:
D:2 =


Message History

The iguana bites you but does no damage.
The gnoll hits you with a +0 whip. The iguana closely misses you.
The gnoll bouda gazes fiercely through you!
You feel your attacks grow feeble. The gnoll bouda barely misses you.
A gnoll comes into view. It is wielding a +0 club.
The orc hits you but does no damage.
Your Fighting skill gained 2 levels and is now at level 5!
You have reached level 6!
You closely miss the iguana.
The iguana is almost dead.
You hit the orc.
You feel better.
You hit the gnoll bouda.
You feel better.
You slash the gnoll!
You kill the gnoll!
The orc hits you with a +0 hand axe.
The orc hits you from afar with a +2 vorpal trident.
The gnoll bouda closely misses you. The iguana bites you.
You barely miss the iguana.
The iguana is almost dead.
You hit the orc.
You feel better.
You hit the gnoll bouda.
You feel better. The orc hits you but does no damage.
The orc closely misses you.
The gnoll bouda gazes fiercely through you!
You feel as though you will be weak longer.
You block the gnoll bouda's attack. The iguana closely misses you.
You hit the iguana but do no damage.
The iguana is almost dead.
You barely miss the orc. You hit the gnoll bouda.
You hit the orc but do no damage. You block the orc's attack.
The orc barely misses you. The orc hits you but does no damage.
The gnoll bouda barely misses you.
The iguana bites you but does no damage.
The gnoll bouda hits you but does no damage.
The orc hits you but does no damage. x2; The iguana bites you.
The orc closely misses you.
You hit the gnoll bouda but do no damage.
The gnoll bouda is almost dead.
You hit the iguana but do no damage. You hit the orc.
You feel better.
You closely miss the orc. The gnoll bouda misses you. The iguana bites you.
You die...

......#......
.....$ #...#..#
##......
#......###.......
#....!..##.......
##......!........
#..........g...
#.......o.o#..
#.......#)goo#
.........o@).#
.#.........l.##.#.#
##........<.......
.................
.................
...............
......!........
....#..........
.###......###..


You could see a gnoll bouda, an iguana, a gnoll and 5 orcs.

Vanquished Creatures
  Grinder (D:4)
  2 orc wizards (D:3)
  2 gnolls (D:4)
  4 adders (D:2)
  2 worms (D:2)
  4 dart slugs
  13 orcs (D:3)
  6 endoplasms
  2 giant cockroaches (D:1)
  3 hobgoblins
  3 jackals (D:1)
  5 quokkas
  4 ball pythons
  6 bats
  6 frilled lizards
  10 goblins
  13 kobolds
  5 rats
91 creatures vanquished.

Vanquished Creatures (others)
  12 plants (D:3)
12 creatures vanquished.

Grand Total: 103 creatures vanquished

Notes
Turn   | Place    | Note
-------+----------+-------------------------------------------
     0 | D:1      | qw the Gargoyle Fighter began the quest for the Orb.
     0 | D:1      | Reached XP level 1. HP: 14/14 MP: 1/1
     0 | D:1      | 0 ||| qw: Version: 0.2-a-10-g37ed214
     0 | D:1      | 0 ||| qw: Game counter: 546
     0 | D:1      | 0 ||| qw: Always use a shield: true
     0 | D:1      | 0 ||| qw: God list: Okawaru
     0 | D:1      | 0 ||| qw: Allow faded altars: false
     0 | D:1      | 0 ||| qw: Do Orc after D:15 true
     0 | D:1      | 0 ||| qw: Do second Lair branch before Depths: true
     0 | D:1      | 0 ||| qw: Lair rune preference: random
     0 | D:1      | 0 ||| qw: Plans: Normal, Zot:1-4, God:TSO, Crypt, Tomb,
                  | Pan, Slime:5, Hells, Abyss, Orb
     0 | D:1      | 0 ||| PLANNING D:1-11
    89 | D:1      | 89 ||| Stepping ~*~*~tactically~*~*~ (stealth).
   157 | D:1      | Found a faded altar of an unknown god.
   168 | D:1      | Reached XP level 2. HP: 13/19 MP: 2/2
   363 | D:1      | 363 ||| Stepping ~*~*~tactically~*~*~ (hiding).
   457 | D:1      | 457 ||| Stepping ~*~*~tactically~*~*~ (hiding).
   576 | D:1      | 576 ||| Stepping ~*~*~tactically~*~*~ (stealth).
   802 | D:1      | 802 ||| Stepping ~*~*~tactically~*~*~ (hiding).
   811 | D:1      | Reached skill level 3 in Axes
   917 | D:1      | 917 ||| Stepping ~*~*~tactically~*~*~ (stealth).
   942 | D:1      | Reached XP level 3. HP: 23/23 MP: 3/3
  1041 | D:1      | 1041 ||| DROPPING +0 club.
  1269 | D:1      | Found a shimmering altar of Xom.
  1285 | D:1      | 1285 ||| DROPPING amulet of faith.
  1286 | D:1      | 1286 ||| UPGRADING to ring of willpower.
  1287 | D:1      | 1287 ||| READING scroll labelled CAIMAD ORCHAOWORPHAF.
  1288 | D:1      | 1288 ||| READING scroll labelled VOPLOC KANIYPH.
  1289 | D:1      | 1289 ||| READING scroll labelled HERAXZAMOT.
  1290 | D:1      | 1290 ||| DRINKING 2 brown potions.
  1291 | D:1      | 1291 ||| DRINKING 2 metallic green potions.
  1394 | D:1      | 1394 ||| DROPPING potion of ambrosia.
  1463 | D:2      | 1463 ||| Stepping ~*~*~tactically~*~*~ (stealth).
  1464 | D:2      | 1464 ||| Stepping ~*~*~tactically~*~*~ (stealth).
  1541 | D:2      | Found Wiokhlir's Jewellery Shop.
  1557 | D:2      | 1557 ||| SHOPLISTING +4 ring of evasion (396 gold, have
                  | 53).
  1557 | D:2      | 1557 ||| SHOPLISTING +4 ring of slaying (858 gold, have
                  | 53).
  1557 | D:2      | 1557 ||| SHOPLISTING +6 ring of strength (396 gold, have
                  | 53).
  1557 | D:2      | 1557 ||| SHOPLISTING amulet of Vitality {RegenMP++ Regen++}
                  | (1100 gold, have 53).
  1557 | D:2      | 1557 ||| SHOPLISTING amulet of reflection (330 gold, have
                  | 53).
  1557 | D:2      | 1557 ||| SHOPLISTING ring of ice (275 gold, have 53).
  1557 | D:2      | 1557 ||| SHOPLISTING ring of see invisible (165 gold, have
                  | 53).
  1742 | D:2      | Reached XP level 4. HP: 28/28 MP: 4/4
  2081 | D:2      | 2081 ||| READING 3 scrolls labelled QUOKHAMURA.
  2082 | D:2      | 2082 ||| READING scroll labelled XEMUQA ATIOMUE.
  2083 | D:2      | 2083 ||| DRINKING 2 coppery potions.
  2084 | D:2      | 2084 ||| READING 2 scrolls of identify.
  2084 | D:2      | 2084 ||| IDENTIFYING grey potion
  2085 | D:2      | 2085 ||| DROPPING potion of berserk rage.
  2115 | D:3      | 2115 ||| STAIRDANCE
  2127 | D:3      | 2127 ||| STAIRDANCE
  2204 | D:3      | Reached XP level 5. HP: 27/32 MP: 5/5
  2227 | D:3      | 2227 ||| FLEEEEING.
  2228 | D:3      | 2228 ||| FLEEEEING.
  2229 | D:3      | 2229 ||| FLEEEEING.
  2230 | D:3      | 2230 ||| FLEEEEING.
  2231 | D:3      | 2231 ||| FLEEEEING.
  2232 | D:3      | 2232 ||| FLEEEEING.
  2233 | D:3      | 2233 ||| FLEEEEING.
  2234 | D:3      | 2234 ||| FLEEEEING.
  2235 | D:3      | 2235 ||| STAIRDANCE
  2303 | D:3      | 2303 ||| DROPPING +0 flail.
  2304 | D:3      | 2304 ||| DROPPING +0 mace.
  2313 | D:3      | You fall into a shaft and drop 1 floor!
  2315 | D:4      | 2315 ||| READING 2 scrolls of identify.
  2315 | D:4      | 2315 ||| IDENTIFYING metallic purple potion
  2316 | D:4      | 2316 ||| DROPPING potion of brilliance.
  2319 | D:4      | Noticed Grinder
  2321 | D:4      | 2321 ||| FLEEEEING.
  2322 | D:4      | 2322 ||| FLEEEEING.
  2323 | D:4      | 2323 ||| FLEEEEING.
  2324 | D:4      | 2324 ||| STAIRDANCE
  2407 | D:3      | 2407 ||| Stepping ~*~*~tactically~*~*~ (stealth).
  2439 | D:3      | 2439 ||| Stepping ~*~*~tactically~*~*~ (stealth).
  2440 | D:3      | 2440 ||| Stepping ~*~*~tactically~*~*~ (stealth).
  2466 | D:3      | 2466 ||| Stepping ~*~*~tactically~*~*~ (stealth).
  2480 | D:3      | 2480 ||| FLEEEEING.
  2481 | D:3      | 2481 ||| FLEEEEING.
  2482 | D:3      | 2482 ||| FLEEEEING.
  2483 | D:3      | 2483 ||| FLEEEEING.
  2484 | D:3      | 2484 ||| FLEEEEING.
  2485 | D:3      | 2485 ||| FLEEEEING.
  2486 | D:3      | 2486 ||| FLEEEEING.
  2487 | D:3      | 2487 ||| FLEEEEING.
  2488 | D:3      | 2488 ||| FLEEEEING.
  2489 | D:3      | 2489 ||| FLEEEEING.
  2491 | D:3      | 2491 ||| FLEEEEING.
  2492 | D:3      | 2492 ||| FLEEEEING.
  2493 | D:3      | 2493 ||| FLEEEEING.
  2494 | D:3      | 2494 ||| FLEEEEING.
  2495 | D:3      | 2495 ||| FLEEEEING.
  2496 | D:3      | 2496 ||| FLEEEEING.
  2497 | D:3      | 2497 ||| STAIRDANCE
  2532 | D:2      | 2532 ||| READING 2 scrolls of identify.
  2532 | D:2      | 2532 ||| IDENTIFYING metallic inky potion
  2535 | D:3      | 2535 ||| STAIRDANCE
  2577 | D:3      | 2577 ||| Stepping ~*~*~tactically~*~*~ (stealth).
  2799 | D:3      | 2799 ||| Stepping ~*~*~tactically~*~*~ (stealth).
  2803 | D:3      | 2803 ||| Stepping ~*~*~tactically~*~*~ (stealth).
  2889 | D:4      | 2889 ||| STAIRDANCE
  2918 | D:4      | 2918 ||| STAIRDANCE
  2956 | D:4      | HP: 5/33 [iguana (10)]
  2956 | D:4      | HP: 2/33 [orc/+2 vorpal trident (1)]
  2957 | D:4      | Killed Grinder
  2958 | D:4      | Reached XP level 6. HP: 5/41 MP: 6/6
  2961 | D:4      | Slain by an iguana

Levels and vault maps discovered:
D:1:      dpeg_arrival_lava_altar, layout_loops_ring,
          dreamdust_ecumenical_altar_angels_and_demons, minmay_fountain_box,
          minmay_close_crescents
D:2:      layout_basic, serial_shops, nicolae_shop_window_shopping,
          kennysheep_small_spiral
D:3:      layout_rooms, st_stairs_6, serial_bayou_pond_c,
          kennysheep_another_room, lexackson_kobold_supper
D:4:      layout_cave_pools, minmay_temple_entry_mini_moons,
          ebering_ghost_inner_flame, uniq_sigmund, uniq_grinder

Skill      XL: |  1  2  3  4  5 |
---------------+----------------+-----
Axes           | 2 3 4 5 |  5.0
Fighting       | 5 |  5.9
Armour         | |  3.2
Shields        | |  3.2

Action                   |  1- 3 |  4- 6 || total
-------------------------+-------+-------++-------
Melee: War axe           |    92 |   157 ||   249
  Use: Scroll            |     3 |     5 ||     8
       Potion            |     2 |     1 ||     3
Armor: Scale mail        |    36 |    97 ||   133
Dodge: Dodged            |    41 |   100 ||   141
Block: Buckler           |    21 |    31 ||    52

Table legend:
 A = Non-vault XP
 B = Vault XP
 C = Vault XP percentage of total XP
 D = Non-vault monster count
 E = Vault monster count
 F = Vault count percentage of total count
                 A         B        C        D         E       F
            +---------+---------+-------+---------+---------+-------
      Total |     289 |     299 |  50.9 |      76 |      15 |  16.5
            +---------+---------+-------+---------+---------+-------
        D:1 |      33 |      13 |  28.3 |      20 |       5 |  20.0
        D:2 |      82 |       0 |   0.0 |      18 |       0 |   0.0
        D:3 |     140 |      14 |   9.1 |      34 |       9 |  20.9
        D:4 |      34 |     272 |  88.9 |       4 |       1 |  20.0
            +---------+---------+-------+---------+---------+-------
